 Dungeon Crawl Stone Soup version bcrawl-1.35.4c (webtiles) character file.

Game seed: 11332744075311837525

12810272 Wired the Bludgeoner (level 18, -45/96 HPs)
             Began as a Gargoyle Archaeologist on Feb 24, 2022.
             Was the Champion of Makhleb.
             Annihilated by a titanic slime creature (63 damage)
             ... on level 2 of the Pits of Slime.
             The game lasted 01:27:28 (30792 turns).

Wired the Bludgeoner (Gargoyle Archaeologist)      Turns: 30792, Time: 01:27:29

Health: -45/96     AC: 49    Str: 22    XL:     18   Next: 86%
Magic:  22/22      EV: 10    Int: 16    God:    Makhleb [******]
Gold:   653        SH:  0    Dex:  8    Spells: 17/17 levels left

rFire    . . .     SeeInvis .   u - +9 whip (vamp)
rCold    + . .     Gourm    .   J - +0 large shield
rNeg     + . .     Faith    .   V - +10 plate armour {ponderous}
rPois    ∞         Spirit   .   d - +2 hat
rElec    +         Reflect  +   N - +1 cloak of Starlight {rElec rC+ EV+4 Stlth--}
rCorr    +         Rnd*Rage +   E - +0 pair of gloves
MR       +....                  y - +2 pair of boots {run}
Stlth    ..........             P - +3 amulet of reflection
HPRegen  0.00/turn              f - ring "Zodyry" {EV+3 Slay+2}
MPRegen  0.18/turn              W - ring of resist corrosion

@: confused, flying
A: big wings, [berserk 2], [frail 2], [low mp 2], negative energy resistance 1,
electricity resistance, [inhibited regeneration], unbreathing, petrification
resistance, rot immunity, [subdued magic 3], AC +13
}: 2/15 runes: barnacled, gossamer
a: Stop Flying, Minor Destruction, Hew, Major Destruction, Greater Servant of
Makhleb, Renounce Religion


You were on level 2 of the Pits of Slime.
You worshipped Makhleb.
Makhleb was exalted by your worship.
You were not hungry.

You visited 6 branches of the dungeon, and saw 28 of its levels.

You collected 2299 gold pieces.
You spent 1646 gold pieces at shops.

Inventory:

Hand Weapons
 u - a +9 vampiric whip (weapon)
Missiles
 G - 2 throwing nets {=f}
Armour
 d - a +2 hat (worn)
 y - a +2 pair of boots of running (worn)
 E - a +0 pair of gloves (worn)
 J - a +0 large shield (worn)
 N - the +1 cloak of Starlight (worn) {rElec rC+ EV+4 Stlth--}
   (You acquired it on level 3 of the Lair of Beasts)

   It affects your evasion (+4).
   It protects you from cold.
   It insulates you from electricity.
   It makes you much less stealthy.
 V - a +10 plate armour of ponderousness (worn)
Jewellery
 f - the ring "Zodyry" (left hand) {EV+3 Slay+2}
   (You acquired it on level 2 of the Dungeon)

   [ring of evasion]

   It affects your evasion (+3).
   It affects your accuracy and damage with ranged weapons and melee attacks
   (+2).
 t - a +6 ring of evasion
 P - a +3 amulet of reflection (around neck)
 W - a ring of resist corrosion (right hand)
Wands
 a - a wand of scattershot (9)
 h - a wand of flame (32)
 w - a wand of clouds (3)
 I - a wand of paralysis (23)
 K - a wand of disintegration (20)
 T - a wand of acid (26)
Scrolls
 g - 6 scrolls of magic mapping
 j - 2 scrolls of blinking
 k - 3 scrolls of fog
 l - 10 scrolls of teleportation
 o - 9 scrolls of remove curse
 F - 2 scrolls of enchant armour
 M - 3 scrolls of brand weapon
 O - 3 scrolls of fear
 U - a scroll of enchant weapon
Potions
 b - 3 potions of curing
 c - 6 potions of ambrosia
 q - 2 potions of magic
 r - a potion of might
 s - 5 potions of haste
 v - 2 potions of mutation
 x - 3 potions of brilliance
 z - 2 potions of invisibility
 B - a potion of degeneration
 C - 2 potions of resistance
 Q - 3 potions of flight
 R - 2 potions of lignification
 S - a potion of agility
 Y - 2 potions of cancellation
Miscellaneous
 i - a lightning rod (4/4)
 m - a phial of floods (inert)
 n - a lamp of fire (inert)
 p - a box of beasts
 D - a sack of spiders (inert)
Comestibles
 e - 32 rations {!d}


   Skills:
 + Level 15.6 Fighting
 + Level 16.2 Maces & Flails
 + Level 13.3 Armour
 + Level 10.8 Dodging
 - Level 3.6 Stealth
 + Level 11.2 Shields
 + Level 12.8 Invocations
 - Level 10.0 Evocations


You had 17 spell levels left.
You didn't know any spells.
Your spell library contained the following spells:

 Spells                   Type           Power        Failure   Level  Hunger
 Animate Skeleton         Necr           N/A          100%        1    None
 Beastly Appendage        Tmut           #.....       100%        1    None
 Corona                   Hex            #......      100%        1    None
 Flame Tongue             Conj/Fire      #....        100%        1    None
 Freeze                   Ice            #.....       100%        1    None
 Magic Dart               Conj           #...         100%        1    None
 Pain                     Necr           #.....       100%        1    None
 Shock                    Conj/Air       #....        100%        1    None
 Ensorcelled Hibernation  Hex/Ice        #.....       100%        2    ####...
 Flaming Arrows           Chrm/Fire      #.......     100%        2    ####...
 Passwall                 Tmut/Erth      #.......     100%        2    ####...
 Searing Ray              Conj           #.......     100%        2    ####...
 Shackle                  Hex            #.......     100%        2    ####...
 Sticks to Snakes         Tmut           #.......     100%        2    ####...
 Swiftness                Chrm/Air       #.......     100%        2    ####...
 Throw Frost              Conj/Ice       #.....       100%        2    ####...
 Call Canine Familiar     Summ           #.......     100%        3    #####..
 Confuse                  Hex            #.......     100%        3    #####..
 Conjure Flame            Conj/Fire      #.......     100%        3    #####..
 Dazzling Orbs            Conj/Hex       #......      100%        3    #####..
 False Image              Hex/Summ       #.......     100%        3    #####..
 Inner Flame              Hex/Fire       N/A          100%        3    #####..
 Iskenderun's Mystic Bla  Conj           #.......     100%        3    #####..
 Ozocubu's Armour         Chrm/Ice       #.......     100%        3    #####..
 Spider Form              Tmut/Pois      #..          100%        3    #####..
 Static Discharge         Air            #.......     100%        3    #####..
 Tukima's Dance           Hex            #.......     100%        3    #####..
 Vampiric Draining        Necr           #.........   100%        3    #####..
 Agony                    Necr           #.......     100%        4    ######.
 Airstrike                Air            #.........   100%        4    ######.
 Animate Dead             Necr           N/A          100%        4    ######.
 Cause Fear               Hex            #.........   100%        4    ######.
 Fulminant Prism          Conj/Hex       #.........   100%        4    ######.
 Ice Form                 Ice/Tmut       #.......     100%        4    ######.
 Petrify                  Tmut/Erth      #.........   100%        4    ######.
 Sticky Flame             Conj/Fire      #.......     100%        4    ######.
 Summon Ice Beast         Ice/Summ       #.......     100%        4    ######.
 Throw Icicle             Conj/Ice       #.......     100%        4    ######.
 Tree Form                Hex/Tmut       N/A          100%        4    ######.
 Yara's Violent Unravell  Hex/Tmut       #.........   100%        4    ######.
 Blade Hands              Tmut           #.........   100%        5    #######
 Bolt of Draining         Conj/Necr      #.........   100%        5    #######
 Dispel Undead            Necr           #.......     100%        5    #######
 Fireball                 Conj/Fire      #.........   100%        5    #######
 Irradiate                Conj/Tmut      #.........   100%        5    #######
 Lightning Bolt           Conj/Air       #.........   100%        5    #######
 Metabolic Englaciation   Hex/Ice        #.........   100%        5    #######
 Summon Mana Viper        Hex/Summ       #.......     100%        5    #######
 Bolt of Fire             Conj/Fire      #.........   100%        6    #######
 Borgnjor's Vile Clutch   Necr/Erth      #.........   100%        6    #######
 Darkness                 Hex            #.........   100%        6    #######
 Infestation              Hex/Tmut/Pois  #........    100%        6    #######
 Iron Shot                Conj/Erth      #.........   100%        6    #######
 Poison Arrow             Conj/Pois      #.........   100%        6    #######
 Summon Hydra             Summ           #.........   100%        6    #######
 Dragon Form              Tmut           #......      100%        7    #######
 Mana Rupture             Conj/Hex       #.........   100%        7    #######
 Monstrous Menagerie      Summ           #.........   100%        7    #######
 Orb of Destruction       Conj           #.........   100%        7    #######
 Shadow Creatures         Summ           N/A          100%        7    #######
 Spellforged Servitor     Conj/Summ      #.........   100%        7    #######
 Necromutation            Tmut/Necr      #.......     100%        8    #######
 Time Stop                Chrm/Tloc      N/A          100%        8    #######
 Dragon's Call            Summ           #.........   100%        9    #######
 Fire Storm               Conj/Fire      #.........   100%        9    #######
 Statue Form              Tmut/Erth      Unusable     N/A         6    N/A

Dungeon Overview and Level Annotations

Branches:
Dungeon (12/12)            Temple (0/1) D:7            Lair (6/6) D:7
 Shoals (3/3) Lair:4       Spider (3/3) Lair:2        Slime (3/5) Lair:5
    Orc (1/1) D:10            Elf (0/3) Orc          Vaults (0/3) D:11
 Depths (0/5) D:12

Altars:
Cheibriados
Fedhas
Gozag
Hepliaklqana
Kikubaaqudgha
Makhleb
Nemelex Xobeh
Qazlal
Ru
Sif Muna
Trog
Uskayaw
Wu Jian
Xom
The Shining One
Jiyva

Shops:
D:4 (   D:7 }   D:8 *   D:10 [   Orc ??==}=   Shoals:1 (

Portals:
Trove: D:12 (give +3 gold dragon scales)

Annotations:
D:9 2 transporters
D:10 Sonja


Innate Abilities, Weirdness & Mutations

You are resistant to torment.
Your stone body is resilient. (AC +13)
You are immune to poison.
Your large and strong wings let you fly indefinitely.
You resist negative energy. (rN+)
You are resistant to electric shocks. (rElec)
You can survive without breathing.
You are immune to petrification.
You are immune to rotting.
[You often lose your temper in combat.]
[You are very frail. (-20% HP)]
[Your magical capacity is very low. (-20% MP)]
[You do not regenerate when monsters are visible.]
[Your spells are much easier to cast, but much less powerful.]


Message History

The titanic slime creature hits you!! The slime creature closely misses you.
You whack the titanic slime creature!
You feel better.
The titanic slime creature is lightly wounded.
The golden eye blinks!
The azure jelly hits you but does no damage. x2
The slime creature misses you.
You whack the titanic slime creature!
You feel better.
The titanic slime creature is lightly wounded.
The titanic slime creature hits you but does no damage.
The titanic slime creature hits you!
You hit the shining eye.
The shining eye is heavily wounded.
The slime creature hits you but does no damage.
You hit the shining eye.
You feel better.
The shining eye is heavily wounded.
The slime creature barely misses you. The titanic slime creature hits you!!!
* * * LOW HITPOINT WARNING * * *
The titanic slime creature hits you!!!
Ouch! That really hurt!
You die...

##..# #...# ....#
####§ #^..## #.#..
##.H..## ......
##..J...##.
......##..........
.........GJ.......
......#.JJ@GJ.....
.........JJ...#...
........>....#....
..#...............
#...............
#......#.G......
##......#...#..#
#......###.##...
#....... ##


You could see an azure jelly, 2 titanic slime creatures, 4 slime creatures, a
shining eye, 2 golden eyes and a friendly mature stingshock beast.

Vanquished Creatures
  Frances (Shoals:2)
  An acid blob (Slime:1)
  Kirke (Spider:2)
  A kraken (Shoals:1)
  4 azure jellies
  A storm dragon (Shoals:3)
  Ilsuiw (Shoals:2)
  3 ghost moths (Spider:3)
  Louise (Shoals:1)
  4 emperor scorpions (Spider:3)
  6 dire elephants (Lair:6)
  The ghost of Wired the Fighter, a journeyman GrFi of Cheibriados (Lair:6)
  Josephine (D:12)
  A yaktaur captain (D:12)
  5 merfolk javelineers
  9 merfolk impalers
  A rakshasa (D:11)
  6 hydras
  A catoblepas (Lair:6)
  4 vault guards (D:11)
  2 merfolk avatars (Shoals:3)
  4 ogre magi
  12 two-headed ogres
  An anaconda (Lair:6)
  4 merfolk aquamancers
  4 centaur warriors
  6 sea snakes
  An orc high priest (Orc)
  A goliath frog (Lair:6)
  A skeletal warrior (D:10)
  3 cyclopes
  Pikel (D:5)
  12 harpies
  An orange crystal statue (Spider:3)
  An ugly thing (D:11)
  An orc knight (D:12)
  23 wolf spiders
  21 orb spiders
  11 manticores
  A shining eye (Slime:3)
  A faun (Shoals:1)
  3 moths of wrath
  5 black mambas
  15 elephants
  4 centaur zombies
  2 gargoyles
  7 merfolk sirens
  5 water nymphs
  2 torpor snails
  11 cane toads
  A kobold demonologist (D:11)
  A yaktaur (D:12)
  8 komodo dragons
  17 demonic crawlers
  2 efreet
  2 rime drakes (Lair:4)
  4 trolls
  28 jumping spiders
  A polar bear (Lair:6)
  16 merfolk
  A meliai (D:10)
  A queen bee (D:10)
  14 blink frogs
  Prince Ribbit (D:5)
  4 tyrant leeches (Lair:5)
  4 hornets
  11 dream sheep
  11 wind drakes
  7 snapping turtles
  12 hippogriffs
  14 slime creatures
  8 air elementals (Shoals:3)
  A shadow (D:12)
  A centaur simulacrum (D:10)
  47 redbacks
  20 tarantellas
  Sigmund (D:3)
  23 water elementals
  3 wyverns
  5 basilisks
  4 wraiths (D:12)
  A human (D:7)
  8 hogs
  32 yaks
  2 vampires (D:10)
  2 hungry ghosts
  8 golden eyes
  3 wargs
  4 swamp worms (Lair:5)
  14 crocodiles
  10 water moccasins
  8 porcupines
  A soldier ant (D:9)
  12 orc warriors
  3 ice beasts
  2 sky beasts (D:8)
  2 black bears
  2 eyes of draining (D:9)
  2 necrophages
  25 ogres
  5 phantoms
  9 centaurs
  10 wolves (Lair:4)
  11 bullfrogs
  3 big kobolds (D:11)
  5 scorpions
  40 killer bees
  9 wights
  7 howler monkeys
  6 orc priests
  An electric eel (Lair:5)
  4 crimson imps
  A quasit (D:11)
  10 hounds
  4 jellies
  Crazy Yiuf (D:5)
  3 centaur skeletons
  12 orc wizards
  2 bullfrog skeletons (D:5)
  8 worker ants
  Natasha (thrice) (D:3)
  4 iguanas
  A hound zombie (D:9)
  A howler monkey zombie (D:7)
  7 adders
  A howler monkey skeleton (D:7)
  A shadow imp (D:9)
  A white imp (Spider:3)
  An adder skeleton (D:6)
  3 adder zombies
  4 worms
  A dart slug (D:2)
  3 leopard geckos
  38 orcs
  7 giant cockroaches
  8 goblins
  6 hobgoblins
  5 jackals
  5 quokkas
  3 ball pythons
  4 bats
  6 frilled lizards
  15 kobolds
  4 rats
  2 fungi
  A plant (Lair:6)
919 creatures vanquished.

Vanquished Creatures (collateral kills)
  A minotaur (Lair:6)
  An entropy weaver (Spider:3)
  A spark wasp (Spider:2)
  2 hydras
  An ogre mage (Orc)
  4 two-headed ogres (Orc)
  An orc knight (Orc)
  An orc sorcerer (Orc)
  4 slime creatures
  2 elephants (Lair:6)
  A cane toad (Lair:6)
  A rime drake (Lair:6)
  A demonic crawler (Spider:3)
  A troll (D:7)
  3 redbacks
  A vampire (D:10)
  A yak (Lair:6)
  A golden eye (Slime:2)
  A warg (Orc)
  3 crocodiles
  2 porcupines (D:7)
  2 orc warriors (Orc)
  An ogre (Orc)
  A wolf (Lair:4)
38 creatures vanquished.

Vanquished Creatures (others)
  4 merfolk javelineers
  A centaur warrior (D:12)
  A merfolk avatar (Shoals:3)
  A wolf spider (Spider:2)
  An ugly thing (D:10)
  A merfolk siren (Shoals:3)
  2 water nymphs (Shoals:3)
  A rime drake (Lair:6)
  A jumping spider (Spider:2)
  An orc warrior (Orc)
  A centaur (D:10)
  An orc wizard (D:10)
  An orc (Orc)
  4 bushes (Lair:4)
  16 fungi
  30 plants
  4 tentacles (Shoals:1)
71 creatures vanquished.

Grand Total: 1028 creatures vanquished

Notes
Turn   | Place    | Note
-------+----------+-------------------------------------------
     0 | D:1      | Wired the Gargoyle Archaeologist began the quest for the
                  | Orb.
     0 | D:1      | Reached XP level 1. HP: 12/12 MP: 1/1
   222 | D:1      | Reached XP level 2. HP: 14/16 MP: 2/2
   867 | D:1      | Reached skill level 1 in Armour
   936 | D:1      | Reached XP level 3. HP: 21/21 MP: 3/3
  1148 | D:1      | Reached skill level 8 in Maces & Flails
  1148 | D:1      | Reached XP level 4. HP: 32/32 MP: 4/4
  1656 | D:2      | Found an ancient bone altar of Kikubaaqudgha.
  1833 | D:2      | Found a sparkling altar of Nemelex Xobeh.
  1950 | D:2      | Reached skill level 9 in Maces & Flails
  1950 | D:2      | Reached XP level 5. HP: 30/37 MP: 5/5
  1950 | D:2      | Identified a scroll of acquirement
  1952 | D:2      | Identified the +0 pair of gloves "Erphoff" {rPois} (You
                  | acquired it on level 2 of the Dungeon)
  1952 | D:2      | Identified the ring "Zodyry" {EV+3 Slay+2} (You acquired it
                  | on level 2 of the Dungeon)
  2224 | D:3      | Found a shimmering altar of Xom.
  2338 | D:3      | Noticed Natasha
  2351 | D:3      | Killed Natasha
  2359 | D:3      | Noticed Sigmund
  2379 | D:3      | Killed Sigmund
  2380 | D:3      | Reached XP level 6. HP: 44/44 MP: 6/6
  2485 | D:3      | Noticed Natasha
  2492 | D:3      | Killed Natasha
  2499 | D:3      | Got a fine marble ring
  2501 | D:3      | Identified the cursed ring "Faohof" {Ice Str-3 Int+5} (You
                  | found it on level 3 of the Dungeon)
  2529 | D:3      | Got a translucent brass ring
  2614 | D:3      | Noticed Natasha
  2624 | D:3      | Killed Natasha
  2726 | D:3      | Identified the ring "Soetwika" {+Fly rN+ Str-2 Stlth+} (You
                  | found it on level 3 of the Dungeon)
  2882 | D:4      | Reached XP level 7. HP: 48/48 MP: 7/7
  2985 | D:4      | Found Zigaij's Antique Weapon Shop.
  3234 | D:4      | Found a sparkling altar of Nemelex Xobeh.
  3433 | D:5      | Entered Level 5 of the Dungeon
  3492 | D:5      | Found a burning altar of Makhleb.
  3559 | D:5      | Got a clouded silver ring
  3601 | D:5      | Found a glowing golden altar of the Shining One.
  3656 | D:5      | Noticed Prince Ribbit
  3673 | D:5      | Killed Prince Ribbit
  3674 | D:5      | Reached XP level 8. HP: 42/53 MP: 8/8
  3797 | D:5      | Found a bloodstained altar of Trog.
  3962 | D:5      | Noticed Pikel
  3979 | D:5      | Reached skill level 10 in Maces & Flails
  4001 | D:5      | Killed Pikel
  4002 | D:5      | Reached XP level 9. HP: 59/59 MP: 9/9
  4039 | D:5      | Identified the ring of Rovvomma {*Corrode AC+3 Str+6} (You
                  | found it on level 5 of the Dungeon)
  4069 | D:5      | Found a stormy altar of Qazlal.
  4087 | D:5      | Found a blossoming altar of Fedhas.
  4293 | D:5      | Found a sacrificial altar of Ru.
  4428 | D:5      | Found a runed door.
  4432 | D:5      | Noticed Crazy Yiuf
  4441 | D:5      | Killed Crazy Yiuf
  4514 | D:5      | Became a worshipper of Makhleb the Destroyer
  4808 | D:6      | Found a hide-covered altar of Uskayaw.
  4953 | D:6      | Reached skill level 1 in Invocations
  5419 | D:7      | Found Tyom's Gadget Shoppe.
  5438 | D:7      | Bought a sack of spiders for 390 gold pieces
  5517 | D:7      | Noticed a troll
  5525 | D:7      | Killed a troll
  5567 | D:7      | Found a staircase to the Lair.
  5574 | D:7      | Reached skill level 1 in Evocations
  5576 | D:7      | Reached XP level 10. HP: 63/65 MP: 11/11
  5583 | D:7      | Reached skill level 5 in Armour
  5619 | D:7      | Reached skill level 11 in Maces & Flails
  5694 | D:7      | Found a staircase to the Ecumenical Temple.
  5958 | D:7      | Reached * piety under Makhleb
  5963 | D:7      | Reached skill level 5 in Dodging
  6785 | Lair:1   | Entered Level 1 of the Lair of Beasts
  6887 | Lair:1   | Noticed a cane toad
  6907 | Lair:1   | Killed a cane toad
  6926 | Lair:1   | Noticed a cane toad
  6947 | Lair:1   | Killed a cane toad
  7024 | Lair:1   | Reached XP level 11. HP: 61/71 MP: 14/14
  7331 | Lair:1   | Reached ** piety under Makhleb
  7339 | Lair:1   | Reached skill level 5 in Invocations
  7806 | Lair:2   | Noticed a five-headed hydra
  7821 | Lair:2   | Killed a five-headed hydra
  7843 | Lair:2   | Found a hole to the Spider Nest.
  8081 | Lair:2   | Reached skill level 5 in Evocations
  8448 | Lair:2   | Reached XP level 12. HP: 77/77 MP: 15/17
  9164 | Lair:3   | Got a shimmering ring mail
  9357 | Lair:3   | Identified the cursed +1 ring mail of True Grit {rCorr
                  | Str-3 Dex+5} (You found it on level 3 of the Lair of
                  | Beasts)
  9612 | Lair:3   | Reached *** piety under Makhleb
  9618 | Lair:3   | Identified the ring "Kotsezxu" {+Fly rF- MR+++ MP+9 Str+4}
                  | (You acquired it on level 3 of the Lair of Beasts)
  9619 | Lair:3   | Found the +1 cloak of Starlight {rElec rC+ EV+4 Stlth--}
  9881 | Lair:4   | Found a staircase to the Shoals.
  9898 | Lair:4   | Reached skill level 10 in Fighting
 10006 | Lair:4   | Reached skill level 12 in Maces & Flails
 10252 | Lair:4   | Noticed an eight-headed hydra
 10281 | Lair:4   | Killed an eight-headed hydra
 10620 | Lair:4   | Reached XP level 13. HP: 83/83 MP: 19/19
 10723 | Lair:4   | Reached **** piety under Makhleb
 11272 | Lair:5   | Found a viscous altar of Jiyva.
 11275 | Lair:5   | Found a staircase to the Slime Pits.
 12727 | Lair:6   | Entered Level 6 of the Lair of Beasts
 12871 | Lair:6   | Reached skill level 10 in Invocations
 13041 | Lair:6   | Reached ***** piety under Makhleb
 13324 | Lair:6   | Noticed Wired's ghost (journeyman GrFi)
 13326 | Lair:6   | Noticed a minotaur
 13397 | Lair:6   | Gained mutation: Your large and strong wings let you fly
                  | indefinitely. [Gargoyle growth]
 13397 | Lair:6   | Reached XP level 14. HP: 90/90 MP: 21/21
 13409 | Lair:6   | Found a runed translucent gate.
 13409 | Lair:6   | Found a runed translucent gate.
 13409 | Lair:6   | Found a runed translucent gate.
 13842 | Lair:6   | HP: 2/90 [Wired's ghost (8)]
 14158 | Lair:6   | HP: 1/90 [Wired's ghost (4)]
 14488 | Lair:6   | Killed Wired's ghost
 14654 | Lair:6   | Noticed a dire elephant
 14667 | Lair:6   | Killed a dire elephant
 14697 | Lair:6   | Noticed a dire elephant
 14752 | Lair:6   | Killed a dire elephant
 14775 | Lair:6   | Noticed a dire elephant
 14821 | Lair:6   | Killed a dire elephant
 15082 | Lair:6   | Noticed a dire elephant
 15112 | Lair:6   | Noticed a dire elephant
 15123 | Lair:6   | Killed a dire elephant
 15124 | Lair:6   | Reached skill level 13 in Maces & Flails
 15174 | Lair:6   | Killed a dire elephant
 15229 | Lair:6   | Noticed a dire elephant
 15280 | Lair:6   | Killed a dire elephant
 15580 | D:8      | Found an opulent altar of Gozag.
 15584 | D:8      | Found Gozag's Platinum Reserve.
 15836 | D:8      | Found a snail-covered altar of Cheibriados.
 15844 | D:8      | Reached skill level 10 in Evocations
 16205 | D:8      | Found an ornate altar of the Wu Jian Council.
 16624 | D:9      | Found a hazy altar of Hepliaklqana.
 16686 | D:9      | Reached skill level 10 in Armour
 16755 | D:9      | Found a shimmering blue altar of Sif Muna.
 16766 | D:9      | Found a transporter.
 16774 | D:9      | Found a transporter.
 16787 | D:9      | Noticed an eye of devastation
 16787 | D:9      | a redback changed into an eye of devastation
 16788 | D:9      | an eye of devastation changed into a dream sheep
 16794 | D:9      | Noticed an eye of devastation
 16794 | D:9      | a merfolk changed into an eye of devastation
 17239 | D:9      | Noticed an eye of devastation
 17243 | D:9      | an eye of devastation changed into a death drake
 17310 | D:10     | Entered Level 10 of the Dungeon
 17349 | D:10     | Reached ****** piety under Makhleb
 17357 | D:10     | Noticed Sonja
 17677 | D:10     | Reached XP level 15. HP: 96/96 MP: 22/22
 17808 | D:10     | Found Icie's Antique Armour Shop.
 17821 | D:10     | Bought a pair of embroidered boots for 217 gold pieces
 17831 | D:10     | Identified a +1 pair of boots of running (You bought it in
                  | a shop on level 10 of the Dungeon)
 18466 | D:10     | Found a staircase to the Orcish Mines.
 19069 | D:11     | Identified the +8 longbow of Welfare {seek, Int+3 SInv}
                  | (You acquired it on level 11 of the Dungeon)
 19426 | D:11     | Found a gate to the Vaults.
 20147 | D:12     | Entered Level 12 of the Dungeon
 20209 | D:12     | Reached skill level 14 in Maces & Flails
 20246 | D:12     | Reached skill level 1 in Shields
 20391 | D:12     | Found a staircase to the Depths.
 20565 | D:12     | Found a portal to a secret trove of treasure.
 20680 | D:12     | Noticed Josephine
 20720 | D:12     | Killed Josephine
 21197 | Orc      | Entered the Orcish Mines
 21197 | Orc      | Found a staircase to the Elven Halls.
 21329 | Orc      | Reached skill level 5 in Shields
 21418 | Orc      | Reached XP level 16. HP: 104/104 MP: 23/23
 21601 | Orc      | Found Maeff's Jewellery Shop.
 21802 | Orc      | Found Tuedd's Gadget Emporium.
 21817 | Orc      | Bought a lamp of fire for 440 gold pieces
 21827 | Orc      | Found Haulyis's Magic Scroll Shop.
 21827 | Orc      | Found Xaanutapt's Jewellery Shoppe.
 21828 | Orc      | Found Nessedo's Magic Scroll Shoppe.
 21828 | Orc      | Found Fogih's Jewellery Boutique.
 21835 | Orc      | Bought a scroll of enchant armour for 75 gold pieces
 21835 | Orc      | Bought a scroll of enchant weapon for 75 gold pieces
 21838 | Orc      | Bought 3 scrolls of enchant weapon for 337 gold pieces
 21838 | Orc      | Bought a scroll of enchant weapon for 112 gold pieces
 22232 | Spider:1 | Entered Level 1 of the Spider Nest
 23107 | Spider:2 | Noticed Kirke
 23117 | Spider:2 | Killed Kirke
 23230 | Spider:2 | Reached skill level 15 in Maces & Flails
 23806 | Shoals:1 | Entered Level 1 of the Shoals
 24052 | Shoals:1 | Noticed a kraken
 24097 | Shoals:1 | Killed a kraken
 24236 | Shoals:1 | Found Huap Cil's Antique Weapon Shoppe.
 24583 | Shoals:1 | Noticed Louise
 24598 | Shoals:1 | Killed Louise
 24616 | Shoals:1 | Reached XP level 17. HP: 112/112 MP: 25/25
 25143 | Shoals:2 | Got a crude leather armour
 25242 | Shoals:2 | Noticed Frances
 25290 | Shoals:2 | Killed Frances
 25438 | Shoals:2 | Noticed Ilsuiw
 25526 | Shoals:2 | Killed Ilsuiw
 25627 | Shoals:2 | Got a pair of distressingly furry gloves
 25638 | Shoals:2 | Identified the +0 pair of gloves of Midsummer {rPois rC+
                  | MR-} (You found it on level 2 of the Shoals)
 26119 | Spider:3 | Entered Level 3 of the Spider Nest
 26438 | Spider:3 | Got a bloodstained ring mail
 26610 | Spider:3 | Reached skill level 10 in Dodging
 26833 | Spider:3 | Reached skill level 10 in Shields
 27252 | Spider:3 | Reached skill level 15 in Fighting
 27634 | Spider:3 | Reached XP level 18. HP: 119/119 MP: 0/27
 27800 | Spider:3 | Got a gossamer rune of Zot
 28166 | Shoals:3 | Entered Level 3 of the Shoals
 28596 | Shoals:3 | Got a barnacled rune of Zot
 28737 | Shoals:3 | Reached skill level 16 in Maces & Flails
 29286 | Shoals:3 | Found a stormy altar of Qazlal.
 29691 | Slime:1  | Entered Level 1 of the Pits of Slime
 30792 | Slime:2  | Annihilated by a titanic slime creature

Skill      XL: |  1  2  3  4  5  6  7  8  9 10 11 12 13 14 15 16 17 18 |
---------------+-------------------------------------------------------+-----
Armour         | 1 2 3 4 5 6 8 9 10 11 12 13 | 13.3
Fighting       | 6 7 8 9 10 11 12 13 14 15 | 15.6
Maces & Flails | 8 9 10 11 12 13 14 15 16 | 16.2
Dodging        | 3 4 5 6 7 8 9 10 | 10.8
Invocations    | 2 4 6 8 10 11 12 | 12.8
Evocations     | 1 3 5 7 9 10 | 10.0
Shields        | 6 8 10 11 | 11.2
Stealth        | |  3.6

Action                   |  1- 3 |  4- 6 |  7- 9 | 10-12 | 13-15 | 16-18 || total
-------------------------+-------+-------+-------+-------+-------+-------++-------
Melee: Whip              |   120 |   231 |   320 |  1504 |  3016 |  2856 ||  8047
 Fire: Blowgun           |       |     6 |       |       |       |       ||     6
Throw: Stone             |       |       |     7 |       |       |       ||     7
Invok: Major Destruction |       |       |       |       |     6 |       ||     6
 Abil: Fly               |       |       |       |       |     1 |       ||     1
Evoke: Sack of spiders   |       |       |     3 |     2 |     2 |     2 ||     9
       Wand              |       |       |       |     3 |    13 |    76 ||    92
       Phial of floods   |       |       |       |       |     4 |     4 ||     8
       Box of beasts     |       |       |       |       |     2 |     2 ||     4
       Lamp of fire      |       |       |       |       |       |     4 ||     4
  Use: Scroll            |     1 |     6 |     2 |     9 |    17 |     9 ||    44
       Potion            |     1 |       |       |       |     5 |     5 ||    11
 Stab: Sleeping          |     3 |       |       |       |       |       ||     3
       Petrified         |       |       |       |       |     1 |       ||     1
       Paralysed         |       |       |       |       |     5 |       ||     5
       Distracted        |       |       |       |       |       |     1 ||     1
       Confused          |       |       |       |       |       |     3 ||     3
  Eat: Ration            |     1 |       |     2 |       |     4 |     6 ||    13
       Chunk             |       |    10 |    11 |    38 |    59 |    53 ||   171
Armor: Robe              |    43 |       |       |       |       |       ||    43
       Chain mail        |       |    81 |    55 |       |       |       ||   136
       Plate armour      |       |       |    21 |   679 |   950 |  1725 ||  3375
Dodge: Dodged            |    63 |   109 |   186 |  1130 |  2289 |  1716 ||  5493
Block: Other             |       |       |       |       |   246 |       ||   246
       Reflection        |       |       |       |       |    10 |    61 ||    71
       Medium shield     |       |       |       |       |   165 |   689 ||   854
       Large shield      |       |       |       |       |       |  2242 ||  2242
